 Dungeon Crawl Stone Soup version 0.23-a0-837-ga3e6480 (console) character file.

1008 Duffy the Chopper (level 8, -5/69 HPs)
             Began as a Naga Fighter on Jan 24, 2019.
             Slain by an ogre
             ... wielding a +0 giant spiked club
              (28 damage)
             ... on level 5 of the Dungeon.
             The game lasted 00:04:16 (5209 turns).

Duffy the Chopper (Naga Fighter)                    Turns: 5209, Time: 00:04:17

Health: -5/69      AC:  4    Str: 19    XL:     8   Next: 20%
Magic:  8/8        EV:  8    Int: 10    God:
Gold:   250        SH: 10    Dex: 13    Spells: 7/7 levels left

rFire    + . .     SeeInvis +   a - +0 war axe
rCold    + . .     Gourm    .   c - +0 shield
rNeg     + . .     Faith    .   n - +1 robe {rN+}
rPois    +         Spirit   .   (no helmet)
rElec    +         Reflect  .   (no cloak)
rCorr    +         Harm     .   (no gloves)
MR       +....                  (no barding)
Stlth    ..........             A - amulet of the acrobat
HPRegen  0.21/turn              g - +2 ring of dexterity
MPRegen  0.11/turn              s - ring of attention (curse)

@: resistant, very slow
A: large, see invisible, deformed body, poison resistance, slowness 2, slow
metabolism 1, spit poison 1, AC +2
a: Spit Poison


You were on level 5 of the Dungeon.
You were near starving.

You visited 1 branch of the dungeon, and saw 5 of its levels.

You collected 250 gold pieces.

Inventory:

Hand Weapons
 a - a +0 war axe (weapon)
 b - a +0 blowgun
Missiles
 y - 7 curare-tipped needles
Armour
 c - a +0 shield (worn)
 n - a +1 robe of positive energy (worn)
 x - a +0 scale mail
Jewellery
 g - a +2 ring of dexterity (left hand)
 s - a cursed ring of attention (right hand)
 A - an amulet of the acrobat (around neck)
Wands
 k - a wand of flame (13)
 v - a wand of enslavement (4)
Scrolls
 e - 2 scrolls of random uselessness {unknown}
 h - a scroll of magic mapping {unknown}
 i - 3 scrolls of remove curse {unknown}
 j - 4 scrolls of identify {unknown}
 l - a scroll of immolation {unknown}
 m - a scroll of noise {unknown}
 p - a scroll of enchant armour {unknown}
 w - a scroll of amnesia {unknown}
 B - a scroll of enchant weapon {unknown}
 C - 2 scrolls of teleportation {unknown}
Potions
 d - a potion of might
 o - 3 potions of brilliance
 q - 4 potions of curing
 r - a potion of cancellation
 t - a potion of resistance
 u - a potion of heal wounds {unknown}
 z - 2 potions of degeneration {unknown}
Comestibles
 f - 7 rations


   Skills:
 - Level 3.0 Fighting
 + Level 6.8 Axes
 - Level 2.4 Armour
 + Level 6.0 Shields


You had 7 spell levels left.
You didn't know any spells.
Your spell library was empty.

Dungeon Overview and Level Annotations

Branches:
Dungeon (5/15)
 Temple: D:4-7

Altars:
Kikubaaqudgha
Okawaru
Qazlal
Ru

Annotations:
D:5 Dowan, Duvessa


Innate Abilities, Weirdness & Mutations

You cannot wear boots.
Your serpentine skin is tough. (AC +2)
You have supernaturally acute eyesight. (SInv)
Armour fits poorly on your strangely shaped body.
Your system is resistant to poisons. (rPois)
You cover ground very slowly.
You have a slow metabolism.
You can spit poison.


Message History

You barely miss the ogre.
The ogre is moderately wounded.
You closely miss the adder. The adder bites you. The ogre closely misses you.
It was a potion of curing.
You feel better. The adder bites you.
The ogre hits you with a +0 giant spiked club!
It was a potion of brilliance.
You feel clever all of a sudden. The adder barely misses you.
You block the adder's attack.
It was a potion of cancellation.
Your magical effects are unravelling.
You feel magically purged.
You feel a little less clever now.
Dowan gestures wildly while chanting.
Dowan blinks!
You block the ogre's attack. You block the adder's attack.
It was a potion of resistance.
You feel protected.
Dowan mumbles some strange words.
Dowan blinks!
The adder bites you.
The ogre hits you with a +0 giant spiked club!!
You die...

#..#...#...#...
#.....#.##...#[#...#=#..
.#.......##....#...#...#.
..........#..............
..........#..#...#...#...
.0........#...#.#...#[#..
..........#....#...#...#.
......)[.(#..............
....(eO@..#..........####
......S...#.####.....#
..##.####............# #
#............#
#)...........#
##########....


You could see Duvessa, an ogre and an adder.

Vanquished Creatures
  Sigmund (D:2)
  A hungry ghost (D:4)
  An ice beast (D:4)
  An ogre (D:5)
  A centaur (D:4)
  A bullfrog (D:4)
  A scorpion (D:4)
  A hound (D:5)
  An orc wizard (D:3)
  Jessica (D:2)
  Ijyb (D:3)
  3 worker ants
  A hound zombie (D:5)
  A worker ant zombie (D:3)
  5 adders
  An ooze (D:1)
  An adder zombie (D:3)
  3 worms
  4 leopard geckos
  5 orcs
  3 ball pythons
  7 bats
  5 giant cockroaches
  6 goblins
  10 hobgoblins
  4 jackals
  A ball python skeleton (D:3)
  6 frilled lizards
  A jackal skeleton (D:4)
  9 kobolds
  6 rats
93 creatures vanquished.

Notes
Turn   | Place    | Note
-------+----------+-------------------------------------------
     0 | D:1      | Duffy the Naga Fighter began the quest for the Orb.
     0 | D:1      | Reached XP level 1. HP: 21/21 MP: 1/1
   351 | D:1      | Reached XP level 2. HP: 22/28 MP: 2/2
   753 | D:1      | Reached XP level 3. HP: 34/34 MP: 3/3
  1041 | D:2      | Noticed Jessica
  1045 | D:2      | Killed Jessica
  1052 | D:2      | Reached XP level 4. HP: 20/42 MP: 4/4
  1224 | D:2      | Noticed Sigmund
  1596 | D:2      | Killed Sigmund
  1596 | D:2      | Reached XP level 5. HP: 18/49 MP: 5/5
  1596 | D:2      | Reached XP level 6. HP: 21/56 MP: 6/6
  2599 | D:3      | Noticed Ijyb
  2615 | D:3      | Killed Ijyb
  3046 | D:3      | Reached skill level 5 in Axes
  3842 | D:4      | Found an iron altar of Okawaru.
  3845 | D:4      | Found a stormy altar of Qazlal.
  3848 | D:4      | Found a sacrificial altar of Ru.
  3881 | D:4      | Reached XP level 7. HP: 57/62 MP: 7/7
  3976 | D:4      | Found an ancient bone altar of Kikubaaqudgha.
  4114 | D:5      | Entered Level 5 of the Dungeon
  4378 | D:4      | Reached skill level 5 in Shields
  4954 | D:5      | Noticed a hungry ghost
  5115 | D:4      | Paralysed by fainting for 5 turns
  5133 | D:4      | Killed a hungry ghost
  5133 | D:4      | Reached XP level 8. HP: 63/69 MP: 8/8
  5201 | D:5      | Noticed Dowan
  5204 | D:5      | Noticed Duvessa
  5209 | D:5      | Slain by an ogre

Vault maps used:
D:1:      wander_arrival_estate, serial_curves, eino_curves_03, eino_curves_03
D:2:      grunt_ministairs_1, uniq_jessica, uniq_sigmund
D:3:      serial_undead, serial_undead_e, serial_undead_a, serial_undead_c,
          serial_undead_f, uniq_ijyb
D:4:      kiku_gazebo_pond_becter, grunt_temple_overflow_diamond
D:5:      cheibrodos_fzero, lemuel_coloured_pillars_altar, first_ration,
          lemuel_statue_altar, uniq_duvessa

Skill      XL: |  1  2  3  4  5  6  7  8 |
---------------+-------------------------+-----
Shields        | 3 4 5 6 |  6.0
Axes           | 3 4 5 6 |  6.8
Fighting       | |  3.0
Armour         | |  2.4

Action                   |  1- 3 |  4- 6 |  7- 9 || total
-------------------------+-------+-------+-------++-------
Melee: War axe           |    59 |   178 |    96 ||   333
 Abil: Spit Poison       |     1 |     8 |     1 ||    10
  Use: Potion            |       |       |     4 ||     4
 Stab: Sleeping          |       |     2 |       ||     2
  Eat: Chunk             |       |     8 |     1 ||     9
       Ration            |       |       |     1 ||     1
Armor: Scale mail        |    43 |    15 |       ||    58
       Robe              |       |    50 |    27 ||    77
Dodge: Dodged            |    19 |    75 |    40 ||   134
Block: Shield            |    37 |   114 |    56 ||   207

Table legend:
 A = Non-vault XP
 B = Vault XP
 C = Vault XP percentage of total XP
 D = Non-vault monster count
 E = Vault monster count
 F = Vault count percentage of total count
                 A         B        C        D         E       F
            +---------+---------+-------+---------+---------+-------
      Total |     334 |    1107 |  76.8 |      73 |      20 |  21.5
            +---------+---------+-------+---------+---------+-------
        D:1 |      56 |       0 |   0.0 |      22 |       0 |   0.0
        D:2 |      60 |     264 |  81.5 |      21 |       4 |  16.0
        D:3 |     112 |      59 |  34.5 |      25 |       4 |  13.8
        D:4 |     101 |     564 |  84.8 |       4 |       7 |  63.6
        D:5 |       5 |     220 |  97.8 |       1 |       5 |  83.3
            +---------+---------+-------+---------+---------+-------
